Construct Section Command Post
Selects Heavy Armor Battlegroup
Selects Engineer Detachments
Construct Field Infirmary
Construct Platoon Command Post
6-pounder Anti-tank Gun Team
Selects Crusader AA Medium Tank
Selects Light Vehicle Withdraw and Refit
Selects Forward Repair Assembly
Construct Company Command Post
6-pounder Anti-tank Gun Team
Unlock Towed 17-pounder Anti-tank Guns
17-pounder Anti-tank Gun Team
Selects Churchill Black Prince Heavy Tank
Churchill Black Prince Heavy Tank
6-pounder Anti-tank Gun Team